 Dungeon Crawl Stone Soup version 0.31-a0-154-g56bf346678 (webtiles) character file.

Game seed: 17688603397720645665

361 Serulin the Shield-Bearer (level 6, 0/40 HPs)
             Began as a Gargoyle Fighter on June 12, 2023.
             Slain by an iguana (7 damage)
             ... on level 4 of the Dungeon.
             The game lasted 00:15:49 (3356 turns).

Serulin the Shield-Bearer (Gargoyle Fighter)        Turns: 3356, Time: 00:15:49

Health: 0/40       AC: 19    Str: 22    XL:     6   Next: 66%
Magic:  6/6        EV:  6    Int:  8    God:
Gold:   221        SH:  4    Dex:  9    Spells: 5/5 levels left

rFire   . . .        a - +0 flail
rCold   + . .        c - +0 buckler
rNeg    + . .        f - +0 plate armour
rPois   ∞            (no helmet)
rElec   +            d - +2 cloak {rPois}
rCorr   .            (no gloves)
SInv    .            (no boots)
Will    .....        n - amulet of regeneration Stlth
                     l - ring of protection from cold
HPRegen 1.06/turn    q - ring of wizardry
MPRegen 0.10/turn

%: wizardry (x1)
@: no status effects
A: sickness immunity, AC +4, negative energy resistance 1, electricity
resistance, torment resistance 1, petrification resistance
a: no special abilities


You were on level 4 of the Dungeon.
You visited 1 branch of the dungeon, and saw 5 of its levels.

You collected 251 gold pieces.
You spent 30 gold pieces at shops.

Inventory:

Hand Weapons
 a - a +0 flail (weapon)
 e - a +0 dagger of venom
 j - a +1 vampiric short sword
Armour
 c - a +0 buckler (worn)
 d - a +2 cloak of poison resistance (worn)
 f - a +0 plate armour (worn)
Jewellery
 l - a ring of protection from cold (left hand)
 n - an amulet of regeneration (around neck)
 q - a ring of wizardry (right hand)
 r - a ring of wizardry
Wands
 u - a wand of polymorph (9)
Scrolls
 b - 2 scrolls of teleportation
 h - a scroll of vulnerability
 m - 2 scrolls of poison
 t - a scroll of blinking {unknown}
 v - a scroll of acquirement {unknown}
 x - a scroll of enchant armour {unknown}
Potions
 g - a potion of lignification
 i - a potion of attraction {unknown}
 k - a potion of heal wounds
 o - a potion of mutation {unknown}
 p - a potion of ambrosia {unknown}
 s - a potion of degeneration {unknown}
 w - a potion of resistance {unknown}


   Skills:
 + Level 4.8 Fighting
 + Level 3.8 Maces & Flails
 + Level 4.8 Armour
 + Level 4.9 Shields


You had 5 spell levels left.
You didn't know any spells.
Your spell library contained the following spells:

 Spells                   Type           Power      Damage    Failure   Level
 Kiss of Death            Conj/Necr      0%         2d5       98%         1
 Necrotise                Necr           0%         1d4       98%         1
 Confusing Touch          Hex            0%         N/A       100%        3
 Gell's Gravitas          Tloc           0%         N/A       100%        3
 Teleport Other           Tloc           0%         N/A       100%        3
 Vampiric Draining        Necr           0%         2d6       100%        3
 Dispel Undead            Necr           0%         3d6       100%        4
 Agony                    Necr           0%         N/A       100%        5
 Dispersal                Tloc           0%         N/A       100%        6


Dungeon Overview and Level Annotations

Branches:
Dungeon (5/15)
 Temple: D:4-7

Altars:
Wu Jian

Shops:
D:2 =   D:3 (((*   D:4 (?   D:5 (


Innate Abilities, Weirdness & Mutations

You are immune to sickness and miasma.
Your stone body is resilient. (AC +4)
You are immune to poison.
You resist negative energy. (rN+)
You are resistant to electric shocks. (rElec)
You are resistant to unholy torment.
You are immune to petrification.


Message History

The iguana is severely wounded.
You block the iguana's attack.
You hit the iguana but do no damage.
The iguana is severely wounded.
The iguana bites you!
You are too injured to fight recklessly!
You are too injured to fight recklessly!
You are too injured to fight recklessly!
There is a stone staircase leading up here.
The iguana bites you but does no damage.
You climb upwards.
There is a stone staircase leading down here.
You hit the iguana.
You feel better.
The iguana is severely wounded.
The iguana bites you but does no damage.
The iguana barely misses you.
You hit the iguana but do no damage.
The iguana is severely wounded.
The iguana bites you!
You feel the dreadful sensation subside.
a - a +0 flail (weapon)
You hit the iguana.
The iguana is almost dead.
The iguana completely misses you.
You closely miss the iguana.
The iguana is almost dead.
The iguana bites you!
* * * LOW HITPOINT WARNING * * *
You closely miss the iguana.
The iguana is almost dead.
The iguana bites you.
* * * LOW HITPOINT WARNING * * *
You block the iguana's attack.
You barely miss the iguana.
The iguana is almost dead.
The iguana completely misses you.
You closely miss the iguana.
The iguana is almost dead.
The iguana bites you!
You die...

....#######..........#.#
###.#######.#####.#..#.#
....#.....#.##....#..#.#
.####.###.#.##.####..#.##
..# #.# #...............#
..###.# #.#.##.#..#######
#.....# #.........#
####### ##.......l# #
####...@.# # #..##.# #
#..##.# # #..#..# #
#..#.## ## ###..#.# .#
#....#.##### <#
####.#.....# .#
#...#####.#


You could see an iguana.

Vanquished Creatures
  A scorpion (D:4)
  Crazy Yiuf (D:3)
  An orc priest (D:4)
  2 orc wizards
  4 gnolls (D:4)
  7 adders
  A worm (D:3)
  A dart slug (D:1)
  4 orcs
  9 ball pythons
  8 bats
  5 endoplasms
  3 giant cockroaches
  7 goblins
  10 hobgoblins
  7 jackals
  2 quokkas
  4 frilled lizards
  3 kobolds
  5 rats
85 creatures vanquished.

Notes
Turn   | Place    | Note
-------+----------+-------------------------------------------
     0 | D:1      | Serulin the Gargoyle Fighter began the quest for the Orb.
     0 | D:1      | Reached XP level 1. HP: 14/14 MP: 1/1
     1 | D:1      | Noticed a minotaur zombie
    11 | D:1      | Noticed a merfolk zombie
   199 | D:1      | Reached XP level 2. HP: 19/19 MP: 2/2
   529 | D:1      | Reached XP level 3. HP: 23/23 MP: 3/3
  1006 | D:2      | Identified the +2 spear of Hard Scrabble {venom, rPois
                  | Int+3 Dex-5 Stlth+}
  1061 | D:2      | Found Pigiluc's Jewellery Shop.
  1377 | D:2      | Found a faded altar of an unknown god.
  1535 | D:3      | Reached XP level 4. HP: 29/29 MP: 4/4
  1539 | D:3      | Found Bave's Antique Weapon Boutique.
  1633 | D:3      | Found Fuehohecs's Antique Weapon Boutique.
  1780 | D:3      | Found Kaopsen's Assorted Antiques.
  1822 | D:3      | Reached XP level 5. HP: 33/33 MP: 5/5
  1828 | D:3      | Found Veoxt's Antique Weapon Shop.
  2016 | D:3      | Found a runed translucent door.
  2017 | D:3      | Noticed Crazy Yiuf
  2146 | D:3      | Killed Crazy Yiuf
  2379 | D:4      | Noticed a black bear
  2563 | D:4      | Reached XP level 6. HP: 39/39 MP: 6/6
  2709 | D:4      | Found an ornate altar of the Wu Jian Council.
  3065 | D:4      | Found Kurimn's Weapon Shoppe.
  3239 | D:4      | Found Laosel's Magic Scroll Boutique.
  3244 | D:4      | Bought a scroll of teleportation for 30 gold pieces
  3312 | D:5      | Entered Level 5 of the Dungeon
  3313 | D:5      | Found Doucyfall's Antique Weapon Shop.
  3356 | D:4      | Slain by an iguana

Illustrated notes

Levels and vault maps discovered:
D:1:      shiori_arrival_whats_in_store_for_you, layout_loops_ring,
          kennysheep_minor_cross, minmay_misc_feat_five
D:2:      layout_basic, shapermc_ecumenical_altar_mp_vishouse, serial_shops,
          nicolae_shop_just_a_little_nook
D:3:      layout_rooms, serial_shops, shop, shop, shop, shop, minmay_surrounded,
          uniq_crazy_yiuf_cottage
D:4:      layout_basic, nicolae_wu_jian_immortal_techniques, serial_shops,
          nicolae_shop_real_fake_doors, nicolae_shop_bloodbath_and_beyond
D:5:      layout_rooms, grunt_temple_overflow_growth_and_decay,
          minmay_temple_entry_proselytizer, minmay_shop_grid_forest,
          minmay_manual_mullet

Skill      XL: |  1  2  3  4 |
---------------+-------------+-----
Shields        | 4 |  4.9
Armour         | 4 |  4.8
Fighting       | 4 |  4.8
Maces & Flails | 3 |  3.8

Action                     |  1- 3 |  4- 6 || total
---------------------------+-------+-------++-------
  Melee: Flail             |     8 |     5 ||    13
         Dagger            |    47 |       ||    47
         Short sword       |   129 |   406 ||   535
    Use: Potion            |       |     3 ||     3
         Scroll            |       |     6 ||     6
 Armour: Scale mail        |    19 |       ||    19
         Plate armour      |   118 |   352 ||   470
  Dodge: Dodged            |    67 |   137 ||   204
  Block: Buckler           |    44 |    81 ||   125

Table legend: (Time is in decaauts)
 A = Elapsed time spent in this place.
 B = Non-inter-level travel time spent in this place.
 C = Inter-level travel time spent in this place.
 D = Time resting spent in this place.
 E = Time spent auto-exploring this place.
 F = Levels seen in this place.
 G = Mean time per level.
                   A        B        C        D        E       F      G
               +--------+--------+--------+--------+--------+-----+--------+
         Total |   3374 |   3179 |    195 |      0 |   2006 |   5 |  674.8 |
       Dungeon |   3374 |   3179 |    195 |      0 |   2006 |   5 |  674.8 |
               +--------+--------+--------+--------+--------+-----+--------+

Top non-repeatable levels by time:
     D:4: 1012 daAuts
     D:1: 877 daAuts
     D:3: 786 daAuts
     D:2: 661 daAuts
     D:5: 36 daAuts
